 Dungeon Crawl Stone Soup version 0.27.1-33-g824d729ab1 (webtiles) character file.

Game seed: 8295978785877656729

721 sking99 the Ruffian (level 7, -2/44 HPs)
             Began as a Gargoyle Transmuter on Dec 8, 2021.
             Was an Initiate of Gozag.
             Splashed by a jelly's acid (4 damage)
             ... on level 5 of the Dungeon.
             The game lasted 00:09:21 (6504 turns).

sking99 the Ruffian (Gargoyle Transmuter)           Turns: 6504, Time: 00:09:22

Health: -2/44      AC:  4    Str: 15    XL:     7   Next: 71%
Magic:  10/10      EV: 15    Int: 14    God:    Gozag
Gold:   157        SH:  5    Dex: 10    Spells: 3/10 levels left

rFire    . . .     SeeInvis .     - Unarmed
rCold    . . .     Faith    .   t - +2 buckler
rNeg     + . .     Spirit   .   a - +0 robe
rPois    ∞         Reflect  .   (no helmet)
rElec    +         Harm     .   k - +0 cloak
rCorr    .         Rampage  .   n - +0 pair of gloves
Will     .....                  (no boots)
Stlth    +.........             (no amulet)
HPRegen  0.14/turn              l - +4 ring of evasion
MPRegen  0.12/turn              (no ring)

@: corroded, gold aura, hasted, very quick
A: sickness immunity, AC +4, negative energy resistance 1, electricity
resistance, torment resistance 1, petrification resistance
a: Renounce Religion, Potion Petition, Call Merchant, Bribe Branch


You were on level 5 of the Dungeon.
You worshipped Gozag.
Gozag was aware of your devotion.
You visited 1 branch of the dungeon, and saw 5 of its levels.

You collected 474 gold pieces.
You paid 317 gold pieces to Gozag.

Inventory:

Hand Weapons
 h - a +2 dagger of venom
Missiles
 r - a throwing net
Armour
 a - a +0 robe (worn)
 k - a +0 cloak (worn)
 n - a +0 pair of gloves (worn)
 t - a +2 buckler (worn)
Magical Staves
 g - a staff of cold
Jewellery
 l - a +4 ring of evasion (left hand)
Wands
 q - a wand of flame (26)
Scrolls
 b - 3 scrolls of identify {unknown}
 d - 2 scrolls of enchant armour {unknown}
 e - a scroll of amnesia {unknown}
 f - a scroll of fear {unknown}
 j - a scroll of teleportation {unknown}
 p - a scroll of holy word {unknown}
Potions
 c - 3 potions of curing
 i - 2 potions of ambrosia {unknown}
 m - a potion of degeneration {unknown}
 o - a potion of brilliance {unknown}
 s - a potion of mutation {unknown}


   Skills:
 - Level 4.4 Fighting
 - Level 1.5 Dodging
 * Level 0.2 Shields
 + Level 6.6 Unarmed Combat
 - Level 2.0 Spellcasting
 + Level 2.7 Transmutations
 + Level 2.5 Ice Magic


You had 3 spell levels left.
You knew the following spells:

 Your Spells              Type           Power      Damage    Failure   Level
a - Beastly Appendage     Tmut           18%        N/A       13%         1
b - Wereblood             Tmut           9%         N/A       19%         2
c - Ice Form              Ice/Tmut       8%         N/A       78%         4

Your spell library contained the following spells:

 Spells                   Type           Power      Damage    Failure   Level
 Foxfire                  Conj/Fire      4%         2x1d4     36%         1
 Pain                     Necr           4%         1d4       36%         1
 Spider Form              Tmut/Pois      2%         N/A       54%         3
 Conjure Flame            Conj/Fire      1%         6-21      75%         3
 Inner Flame              Hex/Fire       1%         N/A       75%         3
 Agony                    Necr           1%         N/A       100%        5
 Excruciating Wounds      Necr           0%         N/A       100%        5


Dungeon Overview and Level Annotations

Branches:
Dungeon (5/15)
 Temple: D:4-7

Altars:
Cheibriados
Gozag
Makhleb
Vehumet
Zin

Shops:
D:4 (


Innate Abilities, Weirdness & Mutations

You are immune to sickness and miasma.
Your stone body is resilient. (AC +4)
You are immune to poison.
You resist negative energy. (rN+)
You are resistant to electric shocks. (rElec)
You are resistant to unholy torment.
You are immune to petrification.


Message History

You hit the ufetubus.
The ufetubus is heavily wounded.
The ufetubus hits you.
* * * LOW HITPOINT WARNING * * *
The ufetubus misses you. The ufetubus closely misses you.
The ufetubus misses you.
You hit the ufetubus.
The ufetubus is severely wounded.
The ufetubus hits you.
* * * LOW HITPOINT WARNING * * *
The ufetubus barely misses you.
You barely miss the ufetubus.
The ufetubus is severely wounded.
The ufetubus hits you.
* * * LOW HITPOINT WARNING * * *
You block the ufetubus's attack. The ufetubus hits you.
* * * LOW HITPOINT WARNING * * *
The ufetubus misses you. [a] - 486 gold - resistance and invisibility [b] - 290 gold - haste [c] - 667 gold - heal wounds, magic and haste Purchase which effect?
You no longer have enough gold to petition Gozag for potion effects.
You feel yourself speed up. The ufetubus misses you.
The ufetubus barely misses you.
You hit the ufetubus.
You kill the ufetubus!
You are no longer corroded.
The jelly hits you but does no damage.
You see here 7 gold pieces.
You hit the jelly.
Your hands burn!
* * * LOW HITPOINT WARNING * * *
The jelly is moderately wounded.
You hit the jelly. The acid corrodes you!
Your hands burn!
* * * LOW HITPOINT WARNING * * *
The jelly is moderately wounded.
You block the jelly's attack.
You hit the jelly but do no damage.
Your hands burn!
You die...
Your body crumbles into a pile of gold.

##### ....#### #.
##.....##
#.#####.......#
#.......>.##..#####
#..^.........J@...#
....##...##..###.#
# #...#...##..# #.#
#.#.#.#.......# #.#
#.........##### #.#
###......## #.#
####.######## ##.##
#.....J......
#...##
#.##.#.......
#....#


You could see a jelly.

Vanquished Creatures
  An ogre (D:5)
  A gnoll sergeant (D:4)
  A scorpion (D:4)
  A howler monkey (D:4)
  A jelly (D:3)
  A gnoll shaman (D:4)
  An iron imp (D:5)
  Jessica (D:2)
  An iguana (D:5)
  3 orc wizards (D:4)
  A hound skeleton (D:5)
  7 gnolls
  9 adders
  A shadow imp (D:5)
  A white imp (D:5)
  An ufetubus (D:5)
  2 worms (D:2)
  4 dart slugs
  2 orcs
  3 bats
  4 endoplasms
  3 giant cockroaches
  8 goblins
  8 hobgoblins
  7 kobolds
  4 quokkas
  3 training dummies (D:4)
  8 ball pythons
  2 frilled lizards
  3 rats (D:2)
93 creatures vanquished.

Vanquished Creatures (others)
  3 fungi (D:3)
  38 plants (D:2)
41 creatures vanquished.

Grand Total: 134 creatures vanquished

Notes
Turn   | Place    | Note
-------+----------+-------------------------------------------
     0 | D:1      | sking99 the Gargoyle Transmuter began the quest for the
                  | Orb.
     0 | D:1      | Reached XP level 1. HP: 12/12 MP: 3/3
   289 | D:1      | Reached XP level 2. HP: 12/16 MP: 3/5
   620 | D:1      | Learned a level 2 spell: Wereblood
  1157 | D:1      | Reached XP level 3. HP: 16/21 MP: 6/6
  1551 | D:2      | Noticed Jessica
  1556 | D:2      | Killed Jessica
  1557 | D:2      | Reached skill level 4 in Unarmed Combat
  1557 | D:2      | Reached XP level 4. HP: 27/27 MP: 5/7
  2554 | D:2      | Found a radiant altar of Vehumet.
  3096 | D:2      | Found a faded altar of an unknown god.
  3479 | D:3      | Reached XP level 5. HP: 32/32 MP: 8/8
  3533 | D:3      | Found an opulent altar of Gozag.
  3538 | D:3      | Became a worshipper of Gozag Ym Sagoz the Greedy
  3749 | D:3      | Reached skill level 5 in Unarmed Combat
  4290 | D:4      | Learned a level 4 spell: Ice Form
  4383 | D:4      | Reached XP level 6. HP: 34/37 MP: 9/9
  4501 | D:4      | Reached skill level 1 in Ice Magic
  4805 | D:4      | Reached skill level 6 in Unarmed Combat
  5189 | D:4      | Found Xocunoery's Firing Range.
  5226 | D:4      | Reached XP level 7. HP: 42/43 MP: 10/10
  5525 | D:4      | Noticed a cacodemon
  5526 | D:4      | Found a burning altar of Makhleb.
  5530 | D:4      | Found a glowing silver altar of Zin.
  5530 | D:4      | Noticed an angel
  5604 | D:5      | Entered Level 5 of the Dungeon
  6166 | D:5      | Found a snail-covered altar of Cheibriados.
  6503 | D:5      | HP: 2/44 [acid (1)]
  6504 | D:5      | Splashed by a jelly's acid

Illustrated notes

Levels and vault maps discovered:
D:1:      minmay_arrival_solitary_statue, layout_loops_ring
D:2:      layout_loops_ring, hellmonk_ecumenical_altar_leap_of_faith,
          basic_altar, kennysheep_boxes, uniq_jessica
D:3:      layout_loops_ring, mainiacjoe_overflow_chevrons, st_stairs_2,
          minmay_misc_feat_five, roderic_serpentine_path,
          hangedman_feature_mirror, grunt_decor_one_mirror, grunt_ministairs_12
D:4:      layout_basic, grunt_temple_overflow_order_and_chaos_2,
          nicolae_shop_firing_range
D:5:      layout_loops_cross, slow_altar_1, gammafunk_ghost_grave

Skill      XL: |  1  2  3  4  5  6  7 |
---------------+----------------------+-----
Fighting       | 2 3 4 |  4.4
Unarmed Combat | 4 5 6 |  6.6
Ice Magic      | 1 2 |  2.5
Transmutations | 2 |  2.7
Dodging        | |  1.5
Shields        | |  0.2
Spellcasting   | |  2.0

Action                   |  1- 3 |  4- 6 |  7- 9 || total
-------------------------+-------+-------+-------++-------
Melee: Unarmed           |    89 |   251 |   102 ||   442
       Headbutt          |     3 |     4 |     2 ||     9
       Kick              |     3 |    15 |     1 ||    19
       Punch             |     1 |     1 |     4 ||     6
 Cast: Beastly Appendage |     3 |     6 |     2 ||    11
       Wereblood         |       |     1 |       ||     1
Invok: Potion Petition   |       |       |     1 ||     1
  Use: Potion            |       |     1 |       ||     1
 Stab: Sleeping          |     1 |       |       ||     1
       Distracted        |       |     2 |       ||     2
Armor: Robe              |    28 |    91 |    21 ||   140
Dodge: Dodged            |    40 |   153 |    93 ||   286
Block: Buckler           |       |       |    11 ||    11
